 Dungeon Crawl Stone Soup version 0.31-a0-1603-gbec6b6ccbf (webtiles) character file.

Game seed: 10435106182156750846

21 voltaire321 the Apothecary (level 2, -1/20 HPs)
             Began as a Demonspawn Alchemist on Jan 7, 2024.
             Slain by a gnoll
             ... wielding a +0 flail
              (12 damage)
             ... on level 2 of the Dungeon.
             The game lasted 00:02:06 (939 turns).

voltaire321 the Apothecary (Demonspawn Alchemist)    Turns: 939, Time: 00:02:07

Health: -1/20      AC:  2    Str:  8    XL:     2   Next: 62%
Magic:  4/5        EV: 12    Int: 15    God:
Gold:   25         SH:  0    Dex: 13    Spells: 4/5 levels left

rFire   . . .        c - +0 long sword
rCold   . . .        (no shield)
rNeg    . . .        a - +0 robe
rPois   .            (helmet restricted)
rElec   .            (no cloak)
rCorr   .            (no gloves)
SInv    .            (no boots)
Will    .....        (no amulet)
Stlth   ++           (no ring)
HPRegen 0.23/turn    (no ring)
MPRegen 0.09/turn

%: no passive effects
@: no status effects
A: antennae 1
a: no special abilities


You were on level 2 of the Dungeon.
You visited 1 branch of the dungeon, and saw 2 of its levels.

You collected 25 gold pieces.

Inventory:

Hand Weapons
 c - a +0 long sword (weapon)
Armour
 a - a +0 robe (worn)
Scrolls
 g - a scroll of torment {unknown}
Potions
 b - a potion of magic
 d - 2 potions of attraction {unknown}
 e - a potion of mutation {unknown}
 f - a potion of berserk rage {unknown}
 h - a potion of curing {unknown}


   Skills:
 + Level 0.5 Fighting
 + Level 0.5 Armour
 + Level 2.0 Dodging
 - Level 1.7 Stealth
 + Level 2.2 Spellcasting
 + Level 1.4 Conjurations
 + Level 3.1 Alchemy


You had 4 spell levels left.
You knew the following spells:

 Your Spells              Type           Power      Damage    Failure   Level
a - Sting                 Conj/Alch      32%        1d5       9%          1

Your spell library contained the following spells:

 Spells                   Type           Power      Damage    Failure   Level
 Mercury Vapours          Alch/Air       12%        N/A       17%         2
 Mephitic Cloud           Conj/Alch/Air  6%         N/A       34%         3
 Olgreb's Toxic Radiance  Alch           11%        N/A       52%         4
 Sticky Flame             Fire/Alch      6%         2d4       75%         4


Dungeon Overview and Level Annotations

Branches:
Dungeon (2/15)

Altars:

Annotations:
D:2 Jessica


Innate Abilities, Weirdness & Mutations

You have a pair of small antennae on your head.


Message History

Magic restored.
You open the door.
There is an open door here.
h - a brown potion You open the door.
Found a gnoll skeleton.
Found a gnoll skeleton.
There is an open door here.
You open the door.
Found a faded altar of an unknown god.
There is an open door here.
There is an open door here.
There is a shaft here.
A bat comes into view.
The bat barely misses you. The bat hits you.
You miss the bat. The bat barely misses you.
The bat hits you but does no damage.
You hit the bat but do no damage. The bat hits you but does no damage.
The bat closely misses you.
You slash the bat!
You kill the bat!
You sense a monster nearby.
You open the door.
Jessica, an endoplasm and 4 gnolls come into view.
Jessica is wielding a +1 dagger of freezing and wearing a +1 robe of cold resistance.
The endoplasm quivers.
The gnoll shouts! x3
Found 9 gold pieces.
Aiming: Sting (safe; 9% risk of failure)
Press: ? - help, Q - select action Shift-Dir - straight line, f - gnoll
Aim: a gnoll, wielding a +0 flail (72% to hit)
The sting hits the gnoll.
The gnoll is poisoned.
The gnoll is moderately wounded.
The gnoll hits you with a +0 flail. The gnoll attacks as it pursues you!
The gnoll hits you with a +0 flail!
The gnoll looks more healthy.
The gnoll attacks as it pursues you! The gnoll hits you with a +0 flail!
Ouch! That really hurt!
You die...

######...####g.....
............g@.....
#####...####.$....
##g## .....
#####g#### g...
#....J...# ...
#......#.# +#
#..###g# # #..# #@#
.# #..###.# ##.## #
#......#.# #...##.
#........# ...... .
####.####### #...#
.. #.......# #..#
..
#######.###..##.#
#.........#
#####..####


You could see 3 gnolls and an endoplasm.

Vanquished Creatures
  A ball python (D:1)
  2 giant cockroaches (D:1)
  A goblin (D:1)
  2 hobgoblins (D:1)
  2 kobolds (D:1)
  A quokka (D:1)
  5 bats
  A frilled lizard (D:1)
  5 rats
20 creatures vanquished.

Notes
Turn   | Place    | Note
-------+----------+-------------------------------------------
     0 | D:1      | voltaire321 the Demonspawn Alchemist began the quest for
                  | the Orb.
     0 | D:1      | Reached XP level 1. HP: 13/13 MP: 3/3
   162 | D:1      | Gained mutation: You have a pair of small antennae on your
                  | head. [demonic ancestry]
   162 | D:1      | Reached XP level 2. HP: 17/19 MP: 1/5
   872 | D:2      | Found a faded altar of an unknown god.
   929 | D:2      | Noticed Jessica
   939 | D:2      | Slain by a gnoll

Illustrated notes

Levels and vault maps discovered:
D:1:      lightli_molten_gateway, layout_basic
D:2:      layout_loops_corners, dilly_ecumenical_altar_fadedgnrine, basic_altar,
          uniq_jessica

Skill      XL: |  1  2 |
---------------+-------+-----
Dodging        | 2 |  2.0
Fighting       | |  0.5
Armour         | |  0.5
Stealth        | |  1.7
Spellcasting   | |  2.2
Conjurations   | |  1.4
Alchemy        | |  3.1

Action                     || total
---------------------------++-------
  Melee: Unarmed           ||     9
         Long sword        ||    17
   Cast: Sting             ||    25
 Armour: Robe              ||    27
  Dodge: Dodged            ||    27

Table legend: (Time is in decaauts)
 A = Elapsed time spent in this place.
 B = Non-inter-level travel time spent in this place.
 C = Inter-level travel time spent in this place.
 D = Time resting spent in this place.
 E = Time spent auto-exploring this place.
 F = Levels seen in this place.
 G = Mean time per level.
                   A        B        C        D        E       F      G
               +--------+--------+--------+--------+--------+-----+--------+
         Total |    945 |    945 |      0 |    131 |    612 |   2 |  472.5 |
       Dungeon |    945 |    945 |      0 |    131 |    612 |   2 |  472.5 |
               +--------+--------+--------+--------+--------+-----+--------+

Top non-repeatable levels by time:
     D:1: 787 daAuts
     D:2: 157 daAuts
